 Dungeon Crawl Stone Soup version 0.27.1-33-g824d729ab1 (webtiles) character file.

Game seed: 6584228161332992739

8868 lonewolfV2 the Blocker (level 11, -2/95 HPs)
             Began as a Minotaur Fighter on Dec 13, 2021.
             Was an Initiate of Ashenzari.
             Slain by an orc warrior (18 damage)
             ... led by an orc knight
             ... on level 10 of the Dungeon.
             The game lasted 00:28:39 (10582 turns).

lonewolfV2 the Blocker (Minotaur Fighter)          Turns: 10582, Time: 00:28:39

Health: -2/95      AC: 15    Str: 23    XL:     11   Next: 15%
Magic:  10/10      EV: 24    Int:  5    God:    Ashenzari [......]
Gold:   752        SH: 13    Dex: 22    Spells: 10/10 levels left

rFire    . . .     SeeInvis .   t - +6 spear of Jiowekk {vorpal, +Blink Will- Dex+5 Stlth+}
rCold    . . .     Faith    .   c - +0 kite shield
rNeg     + . .     Spirit   .   o - +2 chain mail {rN+}
rPois    .         Reflect  .   (helmet restricted)
rElec    .         Harm     .   (no cloak)
rCorr    .         Rampage  .   (no gloves)
Will     .....                  D - +0 pair of boots {Fly}
Stlth    ..........             a - amulet of the acrobat
HPRegen  0.25/turn              f - +6 ring of dexterity
MPRegen  0.12/turn              (no ring)

@: mighty, acrobatic, flying
A: horns 2, retaliatory headbutt
a: Renounce Religion, Evoke Blink, Curse Item


You were on level 10 of the Dungeon.
You worshipped Ashenzari.
Ashenzari was noncommittal.
You visited 2 branches of the dungeon, and saw 11 of its levels.

You collected 752 gold pieces.

Inventory:

Hand Weapons
 e - a +3 scimitar of flaming
 t - the +6 spear of Jiowekk (weapon) {vorpal, +Blink Will- Dex+5 Stlth+}
   (You found it on level 4 of the Dungeon)

   It inflicts extra damage upon your enemies.
   Dex:       It affects your dexterity (+5).
   +Blink:    It lets you blink.
   Will:      It decreases your willpower.
   Stlth:     It makes you more stealthy.
 K - a +2 antimagic quarterstaff
Missiles
 j - 3 throwing nets (quivered)
Armour
 c - a +0 kite shield (worn)
 o - a +2 chain mail of positive energy (worn)
 D - a +0 pair of boots of flying (worn)
Magical Staves
 g - a staff of cold
Jewellery
 a - an amulet of the acrobat (around neck)
 b - a +4 ring of evasion
 f - a +6 ring of dexterity (left hand)
Wands
 q - a wand of digging (6)
 r - a wand of paralysis (7)
 z - a wand of flame (25)
 E - a wand of iceblast (34)
 I - a wand of polymorph (21)
Scrolls
 h - a scroll of acquirement
 i - 3 scrolls of noise
 m - 2 scrolls of fog
 u - a scroll of blinking
 x - 3 scrolls of teleportation
 y - 3 scrolls of fear
 A - 3 scrolls of amnesia
 C - 2 scrolls of magic mapping
 G - 2 scrolls of enchant armour
 H - 4 scrolls of identify
Potions
 d - a potion of might
 k - 2 potions of brilliance
 l - 2 potions of curing
 n - a potion of attraction
 p - 6 potions of flight
 s - 2 potions of lignification
 v - a potion of resistance
 w - 3 potions of ambrosia
 B - 2 potions of magic


   Skills:
 + Level 8.4 Fighting
 + Level 7.7(9.9) Axes
 + Level 9.8(10.8) Polearms
 + Level 10.5 Armour
 + Level 3.2 Dodging
 + Level 1.9 Stealth
 + Level 10.8 Shields


You had 10 spell levels left.
You didn't know any spells.
Your spell library contained the following spells:

 Spells                   Type           Power      Damage    Failure   Level
 Foxfire                  Conj/Fire      0%         2x1d4     99%         1
 Static Discharge         Conj/Air       0%         N/A       100%        2
 Conjure Flame            Conj/Fire      0%         6-21      100%        3
 Ignite Poison            Fire/Tmut/Pois 0%         N/A       100%        3
 Inner Flame              Hex/Fire       0%         N/A       100%        3
 Sticky Flame             Conj/Fire      0%         2d3       100%        4
 Lightning Bolt           Conj/Air       0%         1d11      100%        5
 Maxwell's Capacitive Co  Air            0%         ∞         100%        8


Dungeon Overview and Level Annotations

Branches:
Dungeon (10/15)            Temple (0/1) D:6             Orc (1/2) D:10
   Lair: D:8-11

Altars:
Ashenzari
Cheibriados
Fedhas
Hepliaklqana
Kikubaaqudgha
Nemelex Xobeh
Ru
Trog
Uskayaw
Vehumet
Zin
The Shining One

Shops:
D:1 (


Innate Abilities, Weirdness & Mutations

You have a pair of horns on your head.
You reflexively headbutt those who attack you in melee.


Message History

The orc warrior is moderately wounded.
The orc warrior hits you from afar with a +0 halberd of protection!
* * * LOW HITPOINT WARNING * * *
The orc warrior hits you but does no damage.
You hit the orc warrior. You headbutt the orc warrior.
The orc warrior is severely wounded.
The orc knight hits you but does no damage.
You block the orc warrior's attack.
You feel much better. You block the orc warrior's attack.
The orc knight hits you but does no damage.
The orc warrior barely misses you.
You feel very mighty all of a sudden.
The orc warrior hits you with a +0 battleaxe!
The orc knight hits you but does no damage.
The orc warrior hits you from afar with a +0 halberd of protection!
You hit the orc warrior. Your headbutt misses the orc warrior.
The orc warrior is almost dead.
The orc warrior hits you with a +0 battleaxe!
* * * LOW HITPOINT WARNING * * *
The orc knight hits you with a +0 dire flail.
* * * LOW HITPOINT WARNING * * *
The orc warrior closely misses you.
You can't go down here!
You block the orc warrior's attack.
The orc knight hits you but does no damage.
The orc warrior hits you from afar with a +0 halberd of protection.
* * * LOW HITPOINT WARNING * * *
You fly upwards.
Welcome back to the Dungeon!
There is a staircase to the Orcish Mines here.
You puncture the orc knight!
The orc knight is severely wounded.
You block the orc warrior's attack.
You puncture the orc knight! You headbutt the orc knight.
The orc knight is almost dead.
The orc knight hits you but does no damage.
You puncture the orc knight!
You kill the orc knight!
The orc warrior closely misses you.
The orc warrior hits you with a +0 battleaxe!!
You die...

#.....# #.....#
.......#.....#
.......#.....#
###......#.....#
##.##....)#.....# .
##^^.##....#.....# ..
##.._.^##...#.....# ...
#.......##..#..>@.# $...
....^....##....o..# .....
..#####.^.#.......#......
^'#.#.#'.##.#............
##..#..###..######.######
...###.............#
##.................#
####....(.........#
#..............#


You could see an orc warrior (strong).

Vanquished Creatures
  Harold (D:7)
  Erica (D:8)
  A two-headed ogre (D:9)
  An orc knight (D:10)
  2 slime creatures (D:8)
  A cyclops (D:7)
  Maurice (D:8)
  Joseph (D:8)
  A hornet (D:9)
  Eustachio (D:4)
  A vampire mosquito (D:7)
  A warg (Orc:1)
  Duvessa (D:7)
  7 orc warriors
  5 sky beasts
  2 ice beasts
  2 ogres
  2 centaurs
  3 kobold brigands
  4 bullfrogs
  A wyvern zombie (D:7)
  3 scorpions
  Dowan (D:7)
  A wyvern skeleton (D:7)
  2 water moccasin zombies
  4 killer bees (D:8)
  A howler monkey (D:7)
  3 hounds
  12 orc priests
  3 bullfrog skeletons
  2 jellies
  3 centaur skeletons
  A gnoll shaman (D:7)
  3 iguanas
  10 orc wizards
  A scorpion zombie (D:4)
  2 howler monkey skeletons (D:6)
  Robin (D:3)
  6 gnolls
  6 adders
  2 white imps
  An ufetubus (D:3)
  An adder zombie (D:5)
  3 adder skeletons (D:4)
  3 worms
  3 dart slugs
  39 orcs
  7 ball pythons
  9 endoplasms
  A giant cockroach (D:1)
  12 goblins
  9 hobgoblins
  7 jackals
  3 quokkas
  3 bats
  A frilled lizard (D:2)
  21 kobolds
  4 rats
234 creatures vanquished.

Vanquished Creatures (others)
  A fungus (D:4)
1 creature vanquished.

Grand Total: 235 creatures vanquished

Notes
Turn   | Place    | Note
-------+----------+-------------------------------------------
     0 | D:1      | lonewolfV2 the Minotaur Fighter began the quest for the
                  | Orb.
     0 | D:1      | Reached XP level 1. HP: 19/19 MP: 0/0
    50 | D:1      | Found Masysh's Weapon Shop.
   286 | D:1      | Reached XP level 2. HP: 23/27 MP: 1/1
   970 | D:2      | Found a hazy altar of Hepliaklqana.
  1041 | D:2      | Reached XP level 3. HP: 33/33 MP: 2/2
  1160 | D:2      | Found a faded altar of an unknown god.
  1455 | D:3      | Noticed Robin
  1470 | D:3      | Reached XP level 4. HP: 32/40 MP: 3/3
  1473 | D:3      | Killed Robin
  2002 | D:3      | Found a broken altar of Ashenzari.
  2027 | D:3      | Became a worshipper of Ashenzari the Shackled
  2027 | D:3      | Identified a scroll of acquirement
  2166 | D:3      | Reached XP level 5. HP: 29/47 MP: 4/4
  2172 | D:3      | Reached skill level 5 in Shields
  2536 | D:4      | Reached skill level 5 in Axes
  2536 | D:4      | Reached XP level 6. HP: 27/55 MP: 5/5
  2767 | D:4      | Found a radiant altar of Vehumet.
  2836 | D:4      | Reached skill level 1 in Dodging
  2870 | D:4      | Reached skill level 5 in Fighting
  2983 | D:4      | Noticed Eustachio
  2997 | D:4      | Killed Eustachio
  2998 | D:4      | Reached skill level 5 in Armour
  2998 | D:4      | Reached XP level 7. HP: 61/61 MP: 6/6
  3374 | D:4      | Identified the +6 spear of Jiowekk {vorpal, +Blink Will-
                  | Dex+5 Stlth+}
  3582 | D:5      | Entered Level 5 of the Dungeon
  3592 | D:5      | Found a snail-covered altar of Cheibriados.
  3899 | D:5      | Reached skill level 1 in Polearms
  3899 | D:5      | Reached XP level 8. HP: 70/70 MP: 7/7
  4127 | D:5      | Found a hide-covered altar of Uskayaw.
  5637 | D:6      | Found a bloodstained altar of Trog.
  5973 | D:6      | Found a staircase to the Ecumenical Temple.
  6005 | D:6      | Reached XP level 9. HP: 70/77 MP: 8/8
  6087 | D:6      | Reached skill level 1 in Stealth
  6409 | D:7      | Noticed Duvessa
  6409 | D:7      | Noticed Dowan
  6418 | D:7      | Killed Duvessa
  6419 | D:7      | Reached skill level 5 in Polearms
  6422 | D:7      | Killed Dowan
  7020 | D:7      | Found a glowing silver altar of Zin.
  7060 | D:7      | Identified the +0 helmet "Ycvesex" {Rampage rN+ Str+3
                  | Int-4}
  7073 | D:7      | Noticed a cyclops
  7093 | D:7      | Killed a cyclops
  7265 | D:7      | Found a blossoming altar of Fedhas.
  7267 | D:7      | Noticed Harold
  7294 | D:7      | Killed Harold
  7295 | D:7      | Reached XP level 10. HP: 65/86 MP: 9/9
  7722 | D:8      | Found a sacrificial altar of Ru.
  8214 | D:8      | Noticed Erica
  8255 | D:8      | HP: 2/86 [something (6)]
  8259 | D:8      | Killed Erica
  8260 | D:8      | Reached skill level 10 in Shields
  8606 | D:8      | Found a glowing golden altar of the Shining One.
  8781 | D:8      | Noticed Maurice
  8798 | D:8      | Killed Maurice
  9169 | D:8      | HP: 2/88 [slime creature (11)]
  9174 | D:8      | Reached skill level 10 in Armour
  9610 | D:8      | Found an ancient bone altar of Kikubaaqudgha.
  9619 | D:8      | Noticed Joseph
  9634 | D:8      | Killed Joseph
  9986 | D:9      | Noticed a two-headed ogre
  9992 | D:9      | Killed a two-headed ogre
  9993 | D:9      | Reached XP level 11. HP: 66/95 MP: 10/10
 10500 | D:10     | Entered Level 10 of the Dungeon
 10516 | D:10     | Found a sparkling altar of Nemelex Xobeh.
 10530 | D:10     | Found a staircase to the Orcish Mines.
 10555 | Orc:1    | Entered Level 1 of the Orcish Mines
 10555 | Orc:1    | Noticed an orc knight
 10581 | D:10     | Killed an orc knight
 10582 | D:10     | Slain by an orc warrior

Illustrated notes

Levels and vault maps discovered:
D:1:      dpeg_arrival_windows_large_door, layout_basic, serial_shops, shop
D:2:      layout_basic, shapermc_ecumenical_altar_acropolis, basic_altar
D:3:      minmay_octagon_keep, layout_basic, mainiacjoe_overflow_brackets,
          minmay_misc_feat_square, roderic_serpentine_path, saegor_snake_ambush,
          uniq_robin
D:4:      layout_loops_ring, mainiacjoe_overflow_tiny_flanked,
          kennysheep_generic_room_6, uniq_eustachio
D:5:      layout_basic, nicolae_overflow_hidden_temple, amcnicky_altar_gilded,
          minmay_pentangle
D:6:      layout_layer_cave, trog_three_pillars_becter,
          minmay_temple_entry_mini_moons
D:7:      minmay_chambers_of_sixes, layout_cave_pools, zin_treasury,
          nicolae_overflow_crystal_walls, minmay_misc_feat_tiny, uniq_duvessa,
          uniq_harold
D:8:      layout_gridville, kennysheep_mini_moat,
          mainiacjoe_overflow_small_starburst, old_standard_altar, uniq_joseph,
          uniq_maurice, uniq_erica
D:9:      layout_rooms
D:10:     layout_gridville, nzn_wu_jian_council_hall,
          nemelex_spade_bored_becter, dpeg_oklobed_lair, orc_0_dummy,
          special_room [special_room_bee], minivault_13, uniq_gastronok
Orc:1:    layout_diamond_mine, guppyfry_library_mini

Skill      XL: |  1  2  3  4  5  6  7  8  9 10 |
---------------+-------------------------------+-----
Shields        | 4 5 6 7 9 10 | 10.8
Fighting       | 4 5 6 7 8 |  8.4
Axes           | 3 4 5 6 7 |  7.7
Armour         | 4 5 7 8 10 | 10.5
Dodging        | 1 2 3 |  3.2
Polearms       | 1 4 7 9 |  9.8
Stealth        | 1 |  1.9

Action                   |  1- 3 |  4- 6 |  7- 9 | 10-12 || total
-------------------------+-------+-------+-------+-------++-------
Melee: War axe           |    54 |   103 |    25 |       ||   182
       Headbutt          |    10 |    19 |    64 |    73 ||   166
       Staff             |     4 |       |       |       ||     4
       Spear             |       |       |   194 |   231 ||   425
  Use: Scroll            |     2 |       |       |       ||     2
       Potion            |       |     1 |     3 |     6 ||    10
Armor: Scale mail        |    37 |    24 |       |       ||    61
       Chain mail        |       |    43 |   102 |    78 ||   223
Dodge: Dodged            |    26 |    25 |    59 |    68 ||   178
Block: Kite shield       |    39 |    62 |   175 |   150 ||   426
